 Dungeon Crawl Stone Soup version 0.20.1-1-g8b1a95d (webtiles) character file.

2260 dohliylev the Covert (level 9, -4/64 HPs)
             Began as a Vampire Assassin on Aug 20, 2017.
             Was a Follower of Dithmenos.
             Slain by an orc warrior
             ... wielding a +0 halberd
              (16 damage)
             ... on level 6 of the Dungeon.
             The game lasted 00:21:45 (6547 turns).

dohliylev the Covert (Vampire Assassin)             Turns: 6547, Time: 00:21:46

Health: -4/64      AC:  9    Str: 10    XL:     9   Next: 15%
Magic:  9/9        EV: 14    Int: 14    God:    Dithmenos [*.....]
Gold:   331        SH:  0    Dex: 23    Spells: 8/8 levels left

rFire    + . .     SeeInvis +   a - +3 dagger
rCold    . . .     Gourm    .   (no shield)
rNeg     . . .     Faith    .   y - +2 leather armour {rF+}
rPois    .         Spirit   .   w - +0 helmet
rElec    .         Reflect  .   d - +0 cloak
rCorr    .         Harm     .   G - +0 pair of gloves
MR       .....                  c - +0 pair of boots
Stlth    +++++++...             E - amulet of rage
Regen    0.4/turn               v - +2 ring of slaying
MPRegen  0.2/turn               m - +5 ring of dexterity

@: regenerating quickly, slowed, wreathed by umbra, very slow
A: fangs 3, see invisible, unbreathing
a: Renounce Religion, Evoke Berserk Rage


You were on level 6 of the Dungeon.
You worshipped Dithmenos.
Dithmenos was aware of your devotion.
You were full.

You visited 1 branch of the dungeon, and saw 7 of its levels.
You also visited: Sewer.

You collected 331 gold pieces.

Inventory:

Hand Weapons
 a - a +3 dagger (weapon)
 b - a +0 blowgun
Missiles
 e - 12 poisoned needles
 f - 2 curare-tipped needles
Armour
 c - a +0 pair of boots (worn)
 d - a +0 cloak (worn)
 w - a +0 helmet (worn)
 y - a +2 leather armour of fire resistance (worn)
 G - a +0 pair of gloves (worn)
Jewellery
 m - a +5 ring of dexterity (right hand)
 v - a +2 ring of slaying (left hand)
 E - an amulet of rage (around neck)
Scrolls
 h - 3 scrolls of magic mapping
 i - 4 scrolls of enchant weapon
 j - a scroll of remove curse
 p - 5 scrolls of teleportation
 r - a scroll of enchant armour
 s - 3 scrolls of recharging
 t - a scroll of identify
 u - 2 scrolls of immolation {unknown}
 x - a scroll of fog {unknown}
 F - a scroll of noise {unknown}
 I - a scroll of amnesia {unknown}
 J - 2 scrolls of random uselessness {unknown}
Potions
 g - 5 potions of blood
 k - a potion of mutation {unknown}
 l - a potion of might {unknown}
 n - 2 potions of lignification {unknown}
 o - 2 potions of curing {unknown}
 q - a potion of heal wounds {unknown}
 z - 4 potions of flight {unknown}
 A - 3 potions of invisibility {unknown}
 B - 5 potions of degeneration {unknown}
 C - a potion of resistance {unknown}
 D - 3 potions of berserk rage {unknown}
 H - 2 potions of brilliance {unknown}


   Skills:
 + Level 3.3 Fighting
 + Level 6.9 Short Blades
 + Level 2.0 Throwing
 + Level 1.7 Armour
 + Level 3.4 Dodging
 * Level 14.4 Stealth
 + Level 0.5 Evocations


You had 8 spell levels left.
You didn't know any spells.

Dungeon Overview and Level Annotations

Branches:
Dungeon (7/15)
 Temple: D:4-7

Altars:
Cheibriados
Dithmenos
Fedhas
Okawaru
Zin

Shops:
D:4 *

Annotations:
D:6 manyhoops's ghost, novice DgAE


Innate Abilities, Weirdness & Mutations

Your natural rate of healing is unusually fast.
You have razor-sharp teeth.
You have supernaturally acute eyesight. (SInv)
You can survive without breathing.


Message History

The orc warrior closely misses you.
An orc warrior comes into view. It is wielding a battleaxe.
The orc warrior shouts!
You hit the orc.
The orc is heavily wounded.
The orc warrior completely misses you. The orc hits you but does no damage.
You hit the orc.
You kill the orc!
Dithmenos accepts your kill. The orc warrior misses you.
The orc priest mumbles some strange prayers to Beogh against you.
Beogh smites you!
The orc warrior hits you with a halberd.
Items here: )))) [[[ †† The orc priest invokes the aid of Beogh against you.
You resist with significant effort.
The orc warrior hits you from afar with a halberd!!
* * * LOW HITPOINT WARNING * * *
The orc warrior hits you from afar with a halberd!
You die...

##..# #.# ####..#
..####<..#####.###.....#
..'.................[...
.###....#####.###.#...#
##.().....##.# #.##..#
#...o...#.##.. ..>...#
#..#o##.# ######.#####
#oo#.##.# #.# #.o#.@..#
... #..###..# ... #...
....# ..... ..###
###.###.## #.# .# ... .#
#.# ##


You could see 2 orc warriors.

Vanquished Creatures
  Pikel (D:5)
  Grinder (D:5)
  Eustachio (D:4)
  Menkaure (D:5)
  A water moccasin (D:4)
  Edmund (D:5)
  An ice beast (D:4)
  2 slaves (D:5)
  An orc warrior (D:6)
  3 ogres
  A centaur (D:6)
  A jelly (D:5)
  2 hounds (D:6)
  An orc priest (D:3)
  2 worker ants
  6 orc wizards
  A killer bee zombie (D:5)
  4 gnolls (D:5)
  5 adders
  5 oozes
  An adder skeleton (D:4)
  9 worms
  3 dart slugs
  5 leopard geckos
  21 orcs
  8 giant cockroaches
  8 goblins
  3 hobgoblins
  11 jackals
  4 kobolds
  4 quokkas
  4 ball pythons
  12 bats
  7 frilled lizards
  A leopard gecko skeleton (D:4)
  4 rats
146 creatures vanquished.

Vanquished Creatures (others)
  A dart slug (D:1)
1 creature vanquished.

Grand Total: 147 creatures vanquished

Notes
Turn   | Place    | Note
-------+----------+-------------------------------------------
     0 | D:1      | dohliylev the Vampire Assassin began the quest for the Orb.
     0 | D:1      | Reached XP level 1. HP: 16/16 MP: 1/1
    16 | D:1      | Reached skill level 6 in Stealth
   188 | D:1      | Reached XP level 2. HP: 11/22 MP: 2/2
   338 | D:1      | Reached skill level 7 in Stealth
   561 | D:1      | Reached XP level 3. HP: 27/27 MP: 3/3
  1566 | D:3      | Found a glowing drain.
  1601 | Sewer    | Entered a sewer
  1604 | Sewer    | Reached XP level 4. HP: 33/33 MP: 4/4
  1652 | Sewer    | Reached skill level 8 in Stealth
  3369 | D:3      | Reached XP level 5. HP: 38/38 MP: 5/5
  3488 | D:3      | Found a snail-covered altar of Cheibriados.
  3742 | D:3      | Reached skill level 9 in Stealth
  3951 | D:4      | Noticed Eustachio
  4078 | D:4      | Found a glowing silver altar of Zin.
  4109 | D:4      | Noticed an ogre
  4116 | D:4      | Killed an ogre
  4116 | D:4      | Reached XP level 6. HP: 44/44 MP: 6/6
  4120 | D:4      | Noticed an ice beast
  4181 | D:5      | Entered Level 5 of the Dungeon
  4181 | D:5      | Noticed Pikel
  4181 | D:5      | Noticed a slave
  4181 | D:5      | Noticed a slave
  4292 | D:5      | Killed a slave
  4294 | D:5      | Killed a slave
  4295 | D:5      | Noticed a slave
  4296 | D:5      | Noticed a slave
  4297 | D:5      | Killed Pikel
  4297 | D:5      | Reached skill level 11 in Stealth
  4297 | D:5      | Reached XP level 7. HP: 51/51 MP: 7/7
  4377 | D:5      | Noticed Menkaure
  4382 | D:5      | Killed Menkaure
  4382 | D:5      | Reached skill level 5 in Short Blades
  4403 | D:5      | Noticed Grinder
  4412 | D:5      | Paralysed by Grinder for 2 turns
  4450 | D:5      | Killed Grinder
  4450 | D:5      | Reached skill level 12 in Stealth
  4450 | D:5      | Reached XP level 8. HP: 45/57 MP: 8/8
  4564 | D:5      | Noticed Edmund
  4579 | D:5      | Killed Edmund
  4876 | D:5      | Reached skill level 13 in Stealth
  5039 | D:5      | Found a blossoming altar of Fedhas.
  5048 | D:5      | Found a shadowy altar of Dithmenos.
  5052 | D:5      | Found an iron altar of Okawaru.
  5057 | D:5      | Became a worshipper of Dithmenos the Shadowed
  5312 | D:4      | Reached skill level 1 in Armour
  5527 | D:4      | Killed Eustachio
  5585 | D:4      | Found Osot's Serpentskin Sales.
  5587 | D:4      | Reached skill level 14 in Stealth
  5720 | D:4      | Reached * piety under Dithmenos
  6271 | D:6      | Reached XP level 9. HP: 51/64 MP: 9/9
  6469 | D:6      | Noticed manyhoops's ghost (novice DgAE)
  6547 | D:6      | Slain by an orc warrior

Skill      XL: |  1  2  3  4  5  6  7  8 |
---------------+-------------------------+-----
Stealth        | 6 7 8 9 11 12 14 | 14.4
Short Blades   | 3 4 5 6 |  6.9
Fighting       | 2 3 |  3.3
Dodging        | 2 3 |  3.4
Armour         | 1 |  1.7
Throwing       | 2 |  2.0
Evocations     | |  0.5

Action                   |  1- 3 |  4- 6 |  7- 9 || total
-------------------------+-------+-------+-------++-------
Melee: Dagger            |   132 |   139 |   240 ||   511
       Bite              |    17 |    14 |    27 ||    58
 Fire: Blowgun           |       |    14 |     7 ||    21
 Abil: End Transformatio |       |     4 |       ||     4
       Bat Form          |       |     4 |       ||     4
       Evoke Berserk Rag |       |       |     1 ||     1
  Use: Scroll            |     4 |     3 |     2 ||     9
 Stab: Sleeping          |    15 |    19 |    13 ||    47
  Eat: Corpse            |    13 |     9 |    12 ||    34
Armor: Robe              |    33 |    33 |     1 ||    67
       Leather armour    |       |       |    29 ||    29
Dodge: Dodged            |    67 |    85 |    97 ||   249
